Map: [ESL] Cosmic Sapphire

Players

Strange - Winner!

  • Race: Protoss Protoss
  • Spawn Location: 5:00

HateMe

  • Race: Zerg Zerg
  • Spawn Location: 11:00

Event: DreamHack SC2 Masters 2022 Atlanta (Online)

VOD

Have the link to the VOD?

Description

Time

  • Played on: Sept. 29, 2022, 10:15 a.m.
  • Length: 16:24

All games in this series

Show
View Real Time Build Order
Export as new Build Order

Strange Protoss - Winner!

Build Orders: 1 Gate Expand, Mass Adepts 

Get SALT Encoding   

  12  0:00  Probe  
  13  0:12  Probe  
  14  0:20  Pylon  
  14  0:24  Probe  
  15  0:38  Probe (Chrono Boost)  
  15  0:42  Gateway  
  16  0:47  Probe (Chrono Boost), Assimilator  
  17  0:52  Probe  
  18  1:04  Probe  
  19  1:16  Probe  
  20  1:24  Nexus  
  20  1:32  Cybernetics Core  
  20  1:35  Probe  
  21  1:40  Assimilator  
  21  1:47  Probe  
  21  1:49  Pylon  
  22  1:59  Probe (Chrono Boost)  
  23  2:08  Warp Gate  
  23  2:09  Adept  
  23  2:11  Probe (Chrono Boost)  
  26  2:20  Probe (Chrono Boost)  
  26  2:21  Twilight Council  
  27  2:26  Probe (Chrono Boost)  
  28  2:36  Probe (Chrono Boost)  
  29  2:38  Probe (Chrono Boost)  
  29  2:39  Stalker  
  32  2:45  Probe (Chrono Boost)  
  32  2:46  Probe (Chrono Boost)  
  32  2:50  Probe (Chrono Boost)  
  34  2:57  Gateway  
  35  2:58  Gateway  
  35  3:06  Resonating Glaives (Chrono Boost), Gateway  
  35  3:08  Probe x2  
  37  3:16  Adept  
  39  3:20  Probe x2  
  39  3:25  Pylon  
  41  3:32  Probe x2  
  43  3:39  Pylon  
  43  3:46  Nexus  
  43  4:03  Adept  
  43  4:04  Adept x3  
  43  4:06  Probe x2, Pylon  
  53  4:18  Probe  
  53  4:24  Adept x4  
  62  4:25  Probe  
  62  4:28  Assimilator  
  62  4:30  Probe  
  64  4:34  Assimilator  
  64  4:41  Pylon  
  64  4:44  Adept x3  
  70  4:54  Probe x2  
  70  4:56  Blink (Chrono Boost)  
  66  5:06  Probe x2  
  58  5:18  Probe x2  
  56  5:25  Sentry x2  
  56  5:26  Adept x2  
  56  5:27  Shield Battery  
  58  5:30  Probe x2  
  58  5:31  Nexus  
  58  5:34  Shield Battery  
  58  5:35  Probe (Chrono Boost)  
  61  5:37  Robotics Facility  
  61  5:39  Forge  
  63  5:47  Probe x3 (Chrono Boost)  
  64  5:50  Adept x3  
  64  5:54  Sentry, Probe (Chrono Boost)  
  64  5:56  Probe x2 (Chrono Boost)  
  75  6:01  Probe  
  75  6:03  Protoss Ground Weapons Level 1 (Chrono Boost)  
  76  6:05  Pylon  
  76  6:06  Probe x2  
  78  6:13  Probe  
  79  6:18  Probe x2  
  79  6:25  Gateway, Probe  
  81  6:26  Observer (Chrono Boost), Gateway  
  81  6:28  Sentry, Gateway, Stalker  
  81  6:29  Gateway  
  81  6:31  Probe  
  81  6:32  Photon Cannon  
  88  6:34  Stalker  
  88  6:37  Stalker  
  92  6:40  Warp Prism (Chrono Boost)  
  92  6:46  Pylon  
  94  6:47  Pylon  
  94  6:53  Stalker x2  
  98  7:01  Stalker  
  100  7:04  Pylon  
  100  7:06  Pylon  
  100  7:08  Nexus  
  100  7:12  Stalker  
  100  7:18  Adept x2  
  104  7:25  Stalker x2  
  104  7:26  Stalker  
  104  7:28  Stalker x2  
  114  7:32  Shield Battery  
  114  7:35  Charge  
  114  7:47  Stalker x3  
  114  7:49  Stalker  
  114  7:50  Zealot  
  120  7:55  Probe x2  
  122  8:03  Stalker x2  
  122  8:04  Stalker  
  118  8:10  Probe x2  
  118  8:11  Probe  
  121  8:15  Stalker x3  
  117  8:22  Stalker  
  117  8:23  Probe, Stalker  
  117  8:24  Probe  
  121  8:30  Probe  
  110  8:35  Probe  
  110  8:36  Probe  
  110  8:41  Photon Cannon  
  94  8:43  Photon Cannon  
  94  8:44  Stalker x5, Pylon  
  94  8:45  Shield Battery  
  94  8:47  Shield Battery  
  100  8:51  Probe x2  
  100  8:52  Photon Cannon  
  100  8:55  Zealot x2, Stalker  
  106  9:00  Photon Cannon  
  106  9:06  Pylon  
  106  9:08  Stalker x4  
  114  9:19  Probe  
  114  9:21  Sentry, Stalker  
  114  9:22  Assimilator  
  114  9:23  Assimilator  
  119  9:25  Stalker  
  119  9:26  Zealot  
  119  9:28  Probe x3  
  126  9:32  Assimilator  
  126  9:34  Assimilator  
  126  9:35  Stalker  
  126  9:36  Stalker  
  126  9:37  Pylon  
  130  9:39  Photon Cannon, Protoss Ground Weapons Level 2 (Chrono Boost)  
  130  9:50  Photon Cannon  
  130  9:55  Stalker x2  
  130  9:56  Zealot x4  
  130  9:58  Pylon  
  142  10:09  Stalker x2  
  146  10:18  Stalker  
  146  10:19  Stalker x4  
  156  10:24  Photon Cannon  
  156  10:28  Sentry  
  156  10:29  Shield Battery  
  156  10:35  Stalker x2  
  150  10:42  Stalker x5  
  126  10:43  Warp Prism (Chrono Boost)  
  126  10:44  Probe x3  
  131  10:54  Templar Archives, Probe  
  131  10:56  Probe  
  133  10:57  Photon Cannon  
  133  11:02  Zealot x3  
  139  11:07  Zealot x2  
  139  11:08  Zealot x3  
  149  11:15  Gateway  
  149  11:16  Gateway  
  149  11:25  Sentry, Stalker x2  
  147  11:35  High Templar x4  
  145  11:40  Archon, Photon Cannon  
  145  11:44  Protoss Shields Level 1 (Chrono Boost)  
  139  11:48  Photon Cannon  
  139  11:51  Archon  
  139  11:53  Stalker x4  
  147  11:54  Pylon  
  147  12:08  Pylon  
  147  12:09  Stalker x3  
  147  12:10  Stalker  
  147  12:11  Pylon  
  153  12:20  Stalker x4  
  135  12:24  Probe x3  
  135  12:28  Probe  
  120  12:34  Zealot x4  
  120  12:36  Probe x2  
  120  12:37  Probe  
  131  12:40  Probe, High Templar x2  
  136  12:45  Archon  
  136  12:48  Probe  
  136  12:49  Shield Battery, Probe x2  
  136  12:51  High Templar x2  
  143  12:53  Probe  
  143  12:55  Archon  
  144  13:01  Sentry x4  
  144  13:05  Probe x3  
  147  13:08  Pylon  
  147  13:11  Zealot x2  
  147  13:12  Zealot x2  
  155  13:28  Stalker x5  
  155  13:30  Probe  
  136  13:43  Probe x4  
  136  13:47  High Templar x5  
  146  13:51  Archon  
  146  13:52  Archon  
  146  13:53  Stalker x2, High Templar  
  146  13:55  Probe x3  
  156  13:58  Archon  
  156  14:04  Stalker x2  
  156  14:05  Probe  
  160  14:18  Stalker x2  
  160  14:23  Stalker x4  
  156  14:44  High Templar x4  
  156  14:48  Archon  
  156  14:49  Archon, Stalker x2  
  156  14:52  Zealot  
  122  15:09  Archon x5  
  106  15:15  Zealot x6  
  106  15:50  Observer  
Show
View Real Time Build Order
Export as new Build Order

HateMe Zerg 

Build Orders: Hatch First 

Get SALT Encoding   

  12  0:00  Drone  
  13  0:12  Overlord  
  13  0:17  Drone  
  14  0:30  Drone x2  
  16  0:48  Hatchery  
  15  0:52  Drone  
  15  0:55  Drone  
  17  0:58  Drone  
  18  1:10  Extractor  
  17  1:13  Spawning Pool  
  17  1:17  Drone  
  17  1:20  Drone  
  18  1:28  Drone  
  19  1:39  Drone  
  20  1:49  Drone  
  21  2:00  Queen x2  
  21  2:01  Drone, Overlord  
  26  2:11  Drone x2  
  26  2:13  Metabolic Boost  
  28  2:21  Drone x2  
  30  2:32  Hatchery  
  30  2:35  Drone  
  30  2:37  Drone  
  30  2:43  Overlord  
  31  2:44  Drone  
  31  2:49  Queen  
  34  2:53  Drone  
  34  2:54  Drone  
  36  3:01  Queen  
  36  3:04  Overlord  
  38  3:06  Drone  
  38  3:08  Drone  
  38  3:09  Drone  
  38  3:10  Drone  
  38  3:12  Drone  
  43  3:13  Drone  
  43  3:18  Overlord  
  44  3:24  Queen  
  44  3:26  Spore Crawler  
  45  3:29  Zergling x4  
  45  3:30  Zergling x2  
  48  3:37  Zergling x2  
  48  3:39  Queen  
  51  3:44  Queen  
  51  3:47  Drone  
  54  3:49  Overlord, Evolution Chamber  
  54  3:52  Drone  
  54  3:53  Drone  
  55  3:58  Overlord  
  55  3:59  Drone x2  
  57  4:03  Drone x2  
  57  4:09  Overlord  
  59  4:10  Drone  
  59  4:11  Drone x2  
  62  4:17  Zerg Melee Weapons Level 1  
  62  4:18  Zergling x4  
  64  4:24  Zergling x10  
  64  4:31  Overlord x2  
  69  4:34  Zergling x6  
  69  4:37  Zergling x2  
  73  4:39  Zergling x2  
  73  4:42  Overlord  
  74  4:50  Lair  
  74  4:51  Zergling x6  
  74  4:52  Zergling x6  
  80  4:55  Zergling x4  
  75  5:04  Zergling x10  
  75  5:09  Drone x2  
  73  5:20  Zergling x16  
  78  5:25  Drone  
  78  5:28  Drone x2  
  79  5:37  Drone  
  79  5:38  Drone  
  79  5:40  Drone x3  
  84  5:47  Drone x4  
  88  5:52  Drone x2  
  85  5:59  Drone  
  85  6:00  Drone  
  82  6:04  Extractor x2  
  82  6:05  Drone, Extractor  
  82  6:06  Extractor  
  82  6:07  Extractor  
  82  6:08  Drone x6, Spire  
  83  6:12  Drone  
  83  6:13  Drone  
  83  6:16  Drone x4  
  88  6:20  Hatchery  
  88  6:21  Overlord  
  88  6:25  Overlord x2  
  87  6:36  Overlord x2  
  87  6:38  Zerg Melee Weapons Level 2  
  87  6:39  Zergling x14  
  94  6:48  Overlord  
  94  6:49  Overlord  
  94  6:50  Zergling x6  
  94  6:54  Zergling x2  
  98  7:06  Zergling x18  
  106  7:13  Baneling Nest  
  105  7:16  Drone  
  105  7:20  Mutalisk x5  
  116  7:28  Mutalisk x2  
  120  7:33  Mutalisk  
  122  7:40  Mutalisk  
  122  7:42  Drone x10  
  133  7:48  Mutalisk x2  
  133  7:51  Extractor  
  134  7:53  Zergling x4  
  134  7:54  Extractor  
  134  7:55  Zergling x2  
  136  8:00  Mutalisk x2  
  136  8:05  Zergling x16  
  133  8:08  Zergling x2  
  133  8:12  Mutalisk x2  
  134  8:15  Zergling x6  
  134  8:18  Zergling x2  
  130  8:21  Mutalisk  
  130  8:25  Zergling x2  
  130  8:26  Zergling x2, Queen x3  
  130  8:27  Mutalisk  
  130  8:33  Zergling x14  
  127  8:38  Zergling x4  
  127  8:40  Mutalisk x2  
  128  8:44  Zergling x4  
  130  8:48  Overlord  
  130  8:51  Drone x3  
  130  8:52  Centrifugal Hooks  
  133  9:01  Drone  
  133  9:02  Drone x3  
  136  9:07  Drone  
  136  9:08  Drone x6  
  143  9:19  Hatchery  
  143  9:21  Baneling x6, Mutalisk x3  
  148  9:29  Mutalisk  
  150  9:32  Overlord x2  
  150  9:34  Zerg Flyer Weapons Level 1  
  150  9:51  Mutalisk x4  
  158  9:56  Zergling x20  
  168  10:04  Baneling x14  
  168  10:06  Overlord x2  
  168  10:17  Zergling x4  
  164  10:30  Zergling x2  
  164  10:31  Zergling x38  
  165  10:42  Mutalisk x7  
  141  10:46  Mutalisk x2  
  141  10:49  Zergling x6  
  161  10:51  Baneling x3  
  161  10:54  Zergling x8  
  161  10:55  Baneling x2  
  165  11:01  Zergling x2, Baneling x7  
  165  11:02  Zergling x2  
  165  11:03  Zergling x4  
  168  11:05  Baneling x3  
  168  11:06  Zergling x2  
  169  11:12  Zergling x10  
  174  11:19  Mutalisk x3  
  175  11:32  Zergling x22  
  180  11:45  Mutalisk x5  
  188  11:53  Zerg Flyer Weapons Level 2  
  188  11:56  Drone  
  188  11:58  Baneling x4  
  189  12:04  Overlord x2  
  189  12:08  Infestation Pit  
  188  12:11  Baneling x7  
  186  12:22  Zergling x34  
  183  12:27  Mutalisk x2  
  174  12:32  Zergling x2  
  174  12:33  Zergling x10  
  179  12:37  Drone x4  
  179  12:43  Baneling x10  
  183  12:49  Pathogen Glands  
  183  12:53  Zergling x14  
  187  13:00  Drone x2  
  187  13:01  Drone x5  
  191  13:07  Burrow  
  167  13:40  Infestor x6  
  164  13:42  Zergling x2  
  164  13:43  Zergling x50  
  164  13:45  Neural Parasite  
  164  13:47  Baneling x6  
  164  13:48  Baneling x4  
  190  13:50  Zergling x6  
  193  14:00  Hive  
  193  14:03  Overseer x2  
  193  14:04  Pneumatized Carapace  
  193  14:09  Zergling x14  
  200  14:11  Baneling x3  
  200  14:12  Baneling x7  
  200  14:16  Baneling x2  
  188  14:31  Infestor x2  
  188  14:42  Hatchery  
  182  14:47  Overlord x4  
  99  15:42  Infestor  
Tags
 
Add a new tag
Caveats
  • Supply blocks, unpowered buildings, or Contaminate may cause inaccurate times.
  • Supply counts are checked every 10 seconds.